1960 views
Uploaded 2023-06-07 13:38:47
Game version 1.36 (6115)
23:26 long 1on1 ladder game on (4)TwistedMeadows_S2_v1.1
Saved by Cabeelibob
1960 views
Uploaded 2023-06-07 13:38:47
Game version 1.36 (6115)
23:26 long 1on1 ladder game on (4)TwistedMeadows_S2_v1.1

67 units @ 7k
/ 1.2k
16 buildings @ 2.9k
/ 1.2k

| Orb of Venom | 1 | 325 |
| Potion of Healing | 2 | 300 |
| Scroll of Town Portal | 2 | 700 |
| total: | 5 | 1325g |
| Wisp | 31 | 1860 | / | 0 |
| Archer | 19 | 2470 | / | 190 |
| Dryad | 15 | 2175 | / | 900 |
| Druid of the Claw | 2 | 510 | / | 160 |
| total: | 67 | 7015g | / | 1250w |
| Altar of Elders | 1 | 180 | / | 50 |
| Moon Well | 6 | 1080 | / | 240 |
| Ancient of War | 3 | 450 | / | 180 |
| Hunter's Hall | 2 | 420 | / | 200 |
| Ancient of Wonders | 1 | 90 | / | 30 |
| Tree of Life | 1 | 340 | / | 185 |
| Ancient of Lore | 2 | 310 | / | 290 |
| Tree of Ages | 1 | 320 | / | 180 |
| Tree of Eternity | 1 | 330 | / | 200 |
| total: | 16 | 2870g | / | 1175w |
| 0:03 | Altar of Elders |
| 0:04 | Wisp |
| 0:21 | Moon Well |
| 0:21 | Wisp |
| 0:36 | Wisp |
| 0:46 | Wisp |
| 0:51 | Wisp |
| 1:05 | Wisp |
| 1:17 | Wisp |
| 1:32 | Ancient of War |
| 1:47 | Wisp |
| 1:50 | Moon Well |
| 2:00 | Hunter's Hall |
| 2:01 | Wisp |
| 2:17 | Wisp |
| 2:21 | Mana Burn |
| 2:33 | Wisp |
| 2:37 | Ancient of Wonders |
| 2:45 | Archer |
| 2:48 | Moon Well |
| 3:08 | Archer |
| 3:35 | Tree of Ages |
| 3:49 | Archer |
| 4:06 | Archer |
| 4:20 | Archer |
| 4:38 | Strength of the Wild |
| 4:41 | Moon Well |
| 4:43 | Moon Well |
| 4:52 | Evasion |
| 4:55 | Archer |
| 5:23 | Reinforced Hides |
| 5:56 | Scroll of Town Portal |
| 6:08 | Ancient of Lore |
| 6:11 | Ancient of Lore |
| 6:21 | Wisp |
| 6:40 | Mana Burn |
| 6:48 | Tree of Eternity |
| 7:02 | Improved Strength of the Wild |
| 7:27 | Abolish Magic |
| 7:28 | Druid of the Claw Adept Training |
| 7:44 | Dryad |
| 8:22 | Improved Reinforced Hides |
| 8:24 | Dryad |
| 8:57 | Druid of the Claw |
| 9:21 | Druid of the Claw Master Training |
| 9:48 | Tree of Life |
| 9:50 | Wisp |
| 9:50 | Wisp |
| 9:50 | Wisp |
| 10:10 | Druid of the Claw |
| 10:44 | Evasion |
| 10:53 | Dryad |
| 10:54 | Archer |
| 11:05 | Improved Bows |
| 11:07 | Wisp |
| 11:07 | Wisp |
| 11:28 | Mana Burn |
| 11:34 | Orb of Venom |
| 11:39 | Dryad |
| 12:09 | Advanced Strength of the Wild |
| 12:41 | Wisp |
| 12:42 | Wisp |
| 12:42 | Wisp |
| 12:42 | Wisp |
| 12:42 | Wisp |
| 12:53 | Dryad |
| 13:24 | Marksmanship |
| 13:31 | Dryad |
| 13:52 | Advanced Reinforced Hides |
| 14:56 | Archer |
| 14:56 | Archer |
| 14:56 | Archer |
| 14:56 | Archer |
| 15:00 | Strength of the Moon |
| 15:02 | Dryad |
| 15:03 | Dryad |
| 15:12 | Ancient of War |
| 15:15 | Hunter's Hall |
| 15:18 | Ancient of War |
| 15:20 | Archer |
| 15:45 | Archer |
| 15:46 | Dryad |
| 15:48 | Dryad |
| 16:16 | Moon Well |
| 16:18 | Archer |
| 16:20 | Dryad |
| 16:21 | Dryad |
| 16:27 | Archer |
| 16:32 | Improved Strength of the Moon |
| 16:37 | Wisp |
| 16:37 | Wisp |
| 16:43 | Archer |
| 17:20 | Archer |
| 17:22 | Dryad |
| 17:36 | Metamorphosis |
| 18:16 | Evasion |
| 18:39 | Archer |
| 18:41 | Dryad |
| 19:36 | Potion of Healing |
| 19:38 | Potion of Healing |
| 19:47 | Moon Armor |
| 19:49 | Advanced Strength of the Moon |
| 19:54 | Wisp |
| 19:54 | Wisp |
| 19:54 | Wisp |
| 19:54 | Wisp |
| 19:54 | Wisp |
| 19:54 | Wisp |
| 20:50 | Improved Moon Armor |
| 20:52 | Archer |
| 20:53 | Dryad |
| 21:08 | Wisp |
| 22:21 | Scroll of Town Portal |
| 22:53 | Immolation |
| 23:22 | Immolation |
| Right click | 669 |
| Select | 354 |
| Build/train/purchase | 109 |
| Select group | 95 |
| Misc. action | 91 |
| Chat | 81 |
| Use ability | 45 |
| Assign group | 43 |
| Remove unit | 7 |
| Item give/drop | 6 |
| Esc | 1 |
30 units @ 5.9k
/ 0.7k
15 buildings @ 3k
/ 1.2k


| Healing Salve | 4 | 400 |
| Lesser Clarity Potion | 5 | 350 |
| Potion of Healing | 1 | 150 |
| Potion of Mana | 3 | 600 |
| Scroll of Town Portal | 3 | 1050 |
| Scroll of Healing | 1 | 250 |
| Boots of Speed | 1 | 250 |
| Staff of Teleportation | 1 | 150 |
| total: | 19 | 3200g |
| Peon | 9 | 675 | / | 0 |
| Wind Rider | 16 | 4240 | / | 640 |
| Forest Troll Shadow Priest | 1 | 195 | / | 10 |
| Forest Troll Berserker | 1 | 245 | / | 30 |
| Ogre Mauler | 1 | 300 | / | 0 |
| Mud Golem | 2 | 290 | / | 20 |
| total: | 30 | 5945g | / | 700w |
| Orc Burrow | 6 | 960 | / | 240 |
| Altar of Storms | 1 | 180 | / | 50 |
| Voodoo Lounge | 2 | 260 | / | 60 |
| War Mill | 1 | 205 | / | 0 |
| Great Hall | 3 | 1155 | / | 555 |
| Beastiary | 2 | 290 | / | 280 |
| Stronghold | 1 | 315 | / | 190 |
| total: | 15 | 3050g | / | 1185w |
| 0:03 | Peon |
| 0:03 | Peon |
| 0:09 | Orc Burrow |
| 0:13 | Altar of Storms |
| 0:20 | Voodoo Lounge |
| 0:45 | Peon |
| 0:45 | Peon |
| 1:10 | Peon |
| 1:10 | Peon |
| 1:32 | Orc Burrow |
| 2:19 | Feral Spirit |
| 2:22 | Healing Salve |
| 2:53 | Stronghold |
| 2:58 | War Mill |
| 3:09 | Orc Burrow |
| 4:10 | Orc Burrow |
| 4:14 | Spiked Barricades |
| 4:38 | Lesser Clarity Potion |
| 5:07 | Boots of Speed |
| 5:10 | Staff of Teleportation |
| 5:27 | Beastiary |
| 5:32 | Beastiary |
| 6:37 | Wind Rider |
| 6:37 | Wind Rider |
| 6:56 | Healing Salve |
| 7:04 | Hex |
| 7:27 | Wind Rider |
| 8:03 | Chain Lighting |
| 8:18 | Great Hall |
| 8:23 | Wind Rider |
| 8:33 | Great Hall |
| 8:39 | Lesser Clarity Potion |
| 9:17 | Serpent Ward |
| 9:30 | Wind Rider |
| 9:32 | Orc Burrow |
| 10:17 | Steel Armor |
| 10:42 | Feral Spirit |
| 11:08 | Lesser Clarity Potion |
| 11:12 | Serpent Ward |
| 11:16 | Healing Salve |
| 11:18 | Wind Rider |
| 11:21 | Scroll of Town Portal |
| 11:47 | Peon |
| 11:47 | Peon |
| 11:47 | Peon |
| 11:50 | Wind Rider |
| 13:01 | Lesser Clarity Potion |
| 13:01 | Lesser Clarity Potion |
| 13:08 | Wind Rider |
| 13:08 | Wind Rider |
| 13:12 | Healing Salve |
| 13:30 | Steel Ranged Weapons |
| 13:40 | Scroll of Town Portal |
| 14:55 | Hex |
| 15:14 | Wind Rider |
| 15:34 | Chain Lighting |
| 16:03 | Orc Burrow |
| 16:07 | Wind Rider |
| 16:18 | Scroll of Healing |
| 16:32 | Scroll of Town Portal |
| 18:20 | Forest Troll Shadow Priest |
| 18:20 | Forest Troll Berserker |
| 18:21 | Ogre Mauler |
| 18:28 | Chain Lighting |
| 18:34 | Mud Golem |
| 18:34 | Mud Golem |
| 19:30 | Wind Rider |
| 19:31 | Wind Rider |
| 19:31 | Wind Rider |
| 19:38 | Voodoo Lounge |
| 20:20 | Wind Rider |
| 20:45 | Potion of Healing |
| 20:53 | Potion of Mana |
| 20:53 | Potion of Mana |
| 21:02 | Potion of Mana |
| 21:52 | Great Hall |
| 21:56 | Wind Rider |
| 22:05 | Serpent Ward |
| Right click | 682 |
| Select | 285 |
| Chat | 171 |
| Build/train/purchase | 99 |
| Use ability | 48 |
| Item give/drop | 5 |